 Dungeon Crawl Stone Soup version 0.27-a0-1140-g099f9bb0e8 (webtiles) character file.

Game seed: 8264923680474073807

85 heikuro the Skirmisher (level 4, -1/35 (37) HPs)
             Began as a Formicid Abyssal Knight on May 9, 2021.
             Was a Believer of Lugonu.
             Slain by Crazy Yiuf
             ... wielding a +4 quarterstaff of chaos
              (6 damage)
             ... while petrified by Crazy Yiuf
             ... on level 1 of the Dungeon.
             The game lasted 00:04:51 (3174 turns).

heikuro the Skirmisher (Formicid Abyssal Knight)    Turns: 3174, Time: 00:04:51

HP:   -1/35 (37)    AC:  9    Str: 18    XL:     4   Next: 75%
MP:   6/6           EV:  2    Int: 11    God:    Lugonu [**....]
Gold: 79            SH:  0    Dex: 10    Spells: 3/3 levels left

rFire    . . .     SeeInvis +   a - +1 hand axe
rCold    . . .     Faith    .   (no shield)
rNeg     + + +     Spirit   .   k - +0 chain mail
rPois    ∞         Reflect  .   (helmet unavailable)
rElec    .         Harm     .   (no cloak)
rCorr    .         Rampage  .   (no gloves)
Will     .....                  (no boots)
Stlth    ..........             (no amulet)
HPRegen  0.11/turn              (no ring)
MPRegen  0.10/turn              (no ring)

@: mighty, petrified, very slightly contaminated, drained, invisible
A: permanent stasis, dig shafts and tunnels, antennae 3, four strong arms
a: Dig, Shaft Self, Renounce Religion, Depart the Abyss, Bend Space


You were on level 1 of the Dungeon.
You worshipped Lugonu.
Lugonu was pleased with you.
You visited 1 branch of the dungeon, and saw 2 of its levels.
You visited the Abyss 1 time.

You collected 79 gold pieces.

Inventory:

Hand Weapons
 a - a +1 hand axe (weapon)
Armour
 k - a +0 chain mail (worn)
Jewellery
 f - a ring of protection from fire
Scrolls
 c - a scroll of fog {unknown}
 d - a scroll of summoning {unknown}
 g - a scroll of enchant armour {unknown}
 h - 2 scrolls of fear {unknown}
 j - a scroll of identify {unknown}
Potions
 b - a potion of berserk rage {unknown}
 e - a potion of curing {unknown}
 i - a potion of invisibility {unknown}


   Skills:
 + Level 3.8 Fighting
 * Level 3.3 Axes
 + Level 2.9 Armour
 - Level 1.0 Dodging
 + Level 3.0 Invocations


You had 3 spell levels left.
You didn't know any spells.
Your spell library was empty.

Dungeon Overview and Level Annotations

Branches:
Dungeon (2/15)

Altars:

Shops:
D:1 !

Annotations:
D:1 Crazy Yiuf


Innate Abilities, Weirdness & Mutations

You cannot be hasted, slowed, berserked, paralysed or teleported.
You can dig through walls and to a lower floor.
You have a pair of large antennae on your head. (SInv)
Your four strong arms can wield two-handed weapons with a shield.


Message History

Okay, then.
Crazy Yiuf flaps his cloak.
There is a stone staircase leading up here.
You climb upwards.
There is a stone staircase leading down here.
You start resting.
HP restored.
You climb downwards.
Level annotation: Crazy Yiuf Crazy Yiuf barely misses you.
Crazy Yiuf hits you with a +4 quarterstaff of chaos!
You feel drained.
There is a stone staircase leading up here.
Crazy Yiuf hits you with a +4 quarterstaff of chaos.
You fade into invisibility!
You are very lightly contaminated with residual magic.
You climb upwards.
There is a stone staircase leading down here.
You closely miss Crazy Yiuf.
Crazy Yiuf whimpers, "Whippet!
Goldfish poople green."
Crazy Yiuf barely misses you.
You hit Crazy Yiuf.
Crazy Yiuf is lightly wounded.
Crazy Yiuf hits you with a +4 quarterstaff of chaos.
You are slowing down.
You hit Crazy Yiuf.
Crazy Yiuf is moderately wounded.
Crazy Yiuf hits you with a +4 quarterstaff of chaos!
Your stasis prevents you from being hasted.
Crazy Yiuf barely misses you.
Your limbs are stiffening.
You hit Crazy Yiuf.
Crazy Yiuf is heavily wounded.
Crazy Yiuf hits you with a +4 quarterstaff of chaos.
Crazy Yiuf says, "Cholesterol!"
Crazy Yiuf hits you with a +4 quarterstaff of chaos!
* * * LOW HITPOINT WARNING * * *
You feel very mighty all of a sudden.
You have turned to stone.
Crazy Yiuf hits you with a +4 quarterstaff of chaos!
You die...

#.# #.####### ###### #.#
#.......###########.....
#.#
#######.............####
#.# #.###########.# #.#
######..## #.# #.#
#...##.#.##### #.# ###.#
#.....###....# #.####
....# #...##g#.###.#
##..... #####
#..###@.####.####...###
#..# #............#...#
#..# #.#####.###.###...
#..# #.#####.###..#...#
#..# #..............#.#
#..# #########.######.#
#..# #.# #.#
###########..# #.# #.#
.............# #.# #.#


You could see Crazy Yiuf.

Vanquished Creatures
  Robin (D:2)
  An adder (D:2)
  3 dart slugs
  4 bats
  2 endoplasms (D:1)
  4 giant cockroaches (D:2)
  12 goblins (D:2)
  7 hobgoblins
  2 jackals (D:2)
  A quokka (D:2)
  3 ball pythons (D:1)
  4 frilled lizards
  6 kobolds
  5 rats (D:1)
55 creatures vanquished.

Notes
Turn   | Place    | Note
-------+----------+-------------------------------------------
     0 | Abyss:1  | heikuro the Formicid Abyssal Knight began the quest for the
                  | Orb.
     0 | Abyss:1  | Reached XP level 1. HP: 18/18 MP: 2/2
    11 | Abyss:1  | Found a shadowy altar of Dithmenos.
    60 | Abyss:1  | Noticed a chaos spawn
    61 | D:1      | Escaped the Abyss
   536 | D:1      | Reached * piety under Lugonu
   537 | D:1      | Reached skill level 1 in Dodging
   597 | D:1      | Reached XP level 2. HP: 21/24 MP: 3/3
   722 | D:1      | Found a faded altar of an unknown god.
   728 | D:1      | Found Jerot's Distillery.
  1003 | D:1      | Reached XP level 3. HP: 24/29 MP: 4/4
  1941 | D:2      | Reached XP level 4. HP: 32/37 MP: 6/6
  2436 | D:2      | Noticed Robin
  2455 | D:2      | Killed Robin
  2458 | D:2      | Reached ** piety under Lugonu
  2698 | D:2      | Found a runed translucent door.
  2699 | D:2      | Noticed Crazy Yiuf
  3174 | D:1      | Slain by Crazy Yiuf

Illustrated notes

Levels and vault maps discovered:
D:1:      onia_arrival_mini_maze, layout_loops_ring, serial_shops, shop,
          hellmonk_ecumenical_altar_pennies_from_heaven
D:2:      layout_loops_corners, chequers_avenue, hangedman_decor_slide_cut,
          minivault_25, minmay_worlds_worst_comb, uniq_robin,
          uniq_crazy_yiuf_cottage

Skill      XL: |  1  2  3  4 |
---------------+-------------+-----
Dodging        | 1 |  1.0
Axes           | 3 |  3.3
Invocations    | 3 |  3.0
Fighting       | |  3.8
Armour         | |  2.9

Action                   |  1- 3 |  4- 6 || total
-------------------------+-------+-------++-------
Melee: Hand axe          |   106 |    46 ||   152
Invok: Depart the Abyss  |     1 |       ||     1
 Abil: Dig               |       |     1 ||     1
  Use: Potion            |     1 |       ||     1
Armor: Leather armour    |    31 |       ||    31
       Chain mail        |    13 |    20 ||    33
Dodge: Dodged            |    69 |    21 ||    90

Table legend: (Time is in decaauts)
 A = Elapsed time spent in this place.
 B = Non-inter-level travel time spent in this place.
 C = Inter-level travel time spent in this place.
 D = Time resting spent in this place.
 E = Time spent auto-exploring this place.
 F = Levels seen in this place.
 G = Mean time per level.
                   A        B        C        D        E       F      G
               +--------+--------+--------+--------+--------+-----+--------+
         Total |   3203 |   3053 |    150 |    380 |   2137 |   3 | 1067.7 |
       Dungeon |   3142 |   2992 |    150 |    380 |   2077 |   2 | 1571.0 |
         Abyss |     61 |     61 |      0 |      0 |     60 |   1 |   61.0 |
               +--------+--------+--------+--------+--------+-----+--------+

Top non-repeatable levels by time:
     D:2: 1599 daAuts
     D:1: 1542 daAuts
 Abyss:1: 61 daAuts
